 Dungeon Crawl Stone Soup version 0.14-a0-1719-ga7e7698 (webtiles) character file.

317 Nicoed the Caller (level 5, -7/35 HPs)
             Began as a Demonspawn Summoner on Jan 1, 2014.
             Mangled by Prince Ribbit (18 damage)
             ... on Level 4 of the Dungeon.
             The game lasted 00:19:33 (3263 turns).

Nicoed the Caller (Demonspawn Summoner)             Turns: 3263, Time: 00:19:33

HP  -7/35        AC  7     Str  9      XL: 5   Next:  7%
MP   5/10        EV 11     Int 17      God:
Gold 171         SH  0     Dex 13      Spells:  3 memorised,  3 levels left

rFire  . . .     SeeInvis .     (no weapon)
rCold  . . .     Clarity  .     e - +2 leather armour
rNeg   . . .     Conserve .     (no shield)
rPois  .         rCorr    .     (no helmet)
rElec  .         rRot     .     (no cloak)
SustAb . .       Spirit   .     q - +0 pair of elf gloves
rMut   .         Warding  .     (no boots)
Saprov . . .     Stasis   .     (no amulet)
                                (no ring)
                                (no ring)

@: slightly resistant to hostile enchantments, fairly stealthy
A: claws 2, molten scales 1
a: no special abilities


You were on level 4 of the Dungeon.
You were not hungry.

You visited 1 branch of the dungeon, and saw 4 of its levels.

You collected 171 gold pieces.

Inventory:

Armour
 e - a +2 leather armour (worn)
 q - a +0 pair of elven gloves (worn)
Comestibles
 c - 2 bread rations
 h - 2 meat rations
Scrolls
 a - a scroll of teleportation
 d - 2 scrolls of curse armour {unknown}
 g - 3 scrolls of identify {unknown}
 i - 2 scrolls of fog {unknown}
 k - a scroll of enchant weapon II {unknown}
 l - 2 scrolls of noise
 n - a scroll of remove curse {unknown}
 p - a scroll of recharging {unknown}
Potions
 j - a potion of speed
 r - a potion of berserk rage {unknown}
Books
 b - a book of Callings

   Spells                             Type                      Level
   *Summon Small Mammal               Summoning                    1
   *Call Imp                          Summoning                    2
   *Call Canine Familiar              Summoning                    3
   Summon Scorpions                   Summoning/Poison             4
   Summon Ice Beast                   Ice/Summoning                4


   Skills:
 + Level 1.0 Armour
 + Level 2.8 Dodging
 - Level 2.1 Stealth
 + Level 2.9 Spellcasting
 + Level 5.0 Summonings


You had 3 spell levels left.
You knew the following spells:

 Your Spells              Type           Power        Failure   Level  Hunger
a - Summon Small Mammal   Summ           ###.         2%          1    #......
b - Call Imp              Summ           ###.......   3%          2    ##.....
c - Call Canine Familiar  Summ           ###.......   10%         3    ###....


Dungeon Overview and Level Annotations

Branches:
Dungeon (4/16)
 Temple: D:4-7

Altars:
Trog

Annotations:
D:4 Prince Ribbit


Innate Abilities, Weirdness & Mutations

You have very sharp fingernails.
You are partially covered in molten scales (AC +1).


Message History

Casting: Call Canine Familiar
Confirm with . or Enter, or press ? or * to list all spells.
Prince Ribbit hits you but does no damage.
Prince Ribbit catches a butterfly with his tongue.
Prince Ribbit barely misses you.
Unknown command.
Your hound bites Prince Ribbit.
Press: ? - help, v - describe, . - travel
Here: Prince Ribbit (lightly wounded)
The floor.
Casting: Call Canine Familiar
Confirm with . or Enter, or press ? or * to list all spells.
A metallic apparition takes form in the air.
Prince Ribbit hits you!
Your hound completely misses Prince Ribbit.
Your hound bites Prince Ribbit.
Prince Ribbit croaks regally.
Prince Ribbit hits you!
Ouch! That really hurt!
You die...

.......>############ #.#
#.# #####...#
#...........# #.# #...#
#...........# ..#
####...# #...........#
### #......#
#)..........# #.###.)#
#...........#. # #..#
#............. #..#
#......h.....#
#..####....@F....##
#####...<.....5..........
#..............$......###
.#####.#######.#######
#.# #.# #.# #.# #.# #(#
#.# #.# #.# .


You could see Prince Ribbit, a friendly hound and a friendly iron imp.

Vanquished Creatures
  A giant gecko (D:2)
  A ball python (D:3)
  3 giant cockroaches
  A goblin (D:1)
  A hobgoblin (D:1)
  3 bats
  A giant newt (D:2)
  3 rats
14 creatures vanquished.

Vanquished Creatures (collateral kills)
  A giant frog (D:4)
  A hound (D:4)
  A worker ant (D:4)
  4 adders
  A worm (D:2)
  An ooze (D:3)
  5 orcs
  6 bats
  4 giant cockroaches
  6 hobgoblins
  5 jackals
  6 kobolds
  2 quokkas (D:3)
  2 giant geckos
  2 giant newts
  6 goblins
  6 rats
59 creatures vanquished.

Vanquished Creatures (others)
  2 hounds (D:4)
  A white imp (D:2)
  A bat (D:1)
  2 rats (D:1)
6 creatures vanquished.

Grand Total: 79 creatures vanquished

Notes
Turn   | Place    | Note
--------------------------------------------------------------
     0 | D:1      | Nicoed, the Demonspawn Summoner, began the quest for the Orb.
     0 | D:1      | Reached XP level 1. HP: 13/13 MP: 3/3
   423 | D:1      | Gained mutation: You are partially covered in molten scales (AC +1). [demonic ancestry]
   423 | D:1      | Reached XP level 2. HP: 16/19 MP: 1/4
   427 | D:1      | Learned a level 2 spell: Call Imp
  1195 | D:2      | Reached XP level 3. HP: 18/24 MP: 1/6
  1203 | D:2      | Learned a level 3 spell: Call Canine Familiar
  1799 | D:3      | Found a bloodstained altar of Trog.
  2330 | D:3      | Gained mutation: You have sharp fingernails. [demonic ancestry]
  2330 | D:3      | Reached XP level 4. HP: 30/30 MP: 8/8
  2770 | D:4      | Noticed a giant frog
  2780 | D:4      | Killed a giant frog
  2780 | D:4      | Reached skill level 1 in Armour
  2951 | D:4      | Paralysed by a potion of paralysis for 3 turns
  2965 | D:4      | Gained mutation: You have very sharp fingernails. [demonic ancestry]
  2965 | D:4      | Reached XP level 5. HP: 9/35 MP: 0/10
  3241 | D:4      | Reached skill level 5 in Summonings
  3255 | D:4      | Noticed Prince Ribbit
  3263 | D:4      | Mangled by Prince Ribbit

Action                   |  1- 3 |  4- 6 || total
-------------------------+-------+-------++-------
Melee: Unarmed           |   200 |    38 ||   238
 Cast: Summon Small Mamm |    19 |       ||    19
       Call Imp          |    28 |     4 ||    32
       Call Canine Famil |    17 |    14 ||    31
  Use: Scroll            |     3 |       ||     3
       Potion            |       |     3 ||     3
 Stab: Sleeping          |     2 |       ||     2
